 Dungeon Crawl Stone Soup version 0.29-a0-559-g359e09b9d1 (webtiles) character file.

Game seed: 11675675956935366076

518 nrs142 the Skirmisher (level 7, -4/48 (49) HPs)
             Began as a Demonspawn Chaos Knight on June 9, 2022.
             Was a Plaything of Xom.
             Slain by a black bear (8 damage)
             ... summoned by Xom
             ... on level 4 of the Dungeon.
             The game lasted 00:10:11 (5028 turns).

nrs142 the Skirmisher (Demonspawn Chaos Knight)     Turns: 5028, Time: 00:10:12

HP:   -4/48 (49)    AC:  1    Str: 13 (14) XL:     7   Next: 1%
MP:   7/7           EV: 10    Int: 10 (11) God:    Xom [......]
Gold: 245           SH:  0    Dex: 11      Spells: 6/6 levels left

rFire   . . .      SeeInvis .   a - +0 falchion (chaos)
rCold   . . .      Faith    .   (no shield)
rNeg    . . .      Spirit   .   g - +0 scale mail
rPois   .          Reflect  .   n - +0 hat
rElec   .          Harm     .   d - +0 cloak
rCorr   .          Rampage  .   (no gloves)
Will    ++...                   (no boots)
Stlth   ..........              (no amulet)
HPRegen 0.16/turn               l - ring of willpower
MPRegen 0.10/turn               f - ring of flight

@: corroded, flying, lightly drained, unable to read
A: hooves 1, powered by pain 1, spiny 1, clumsy 1, deformed body, deterioration
1, dopey 1, frail 1, strong-willed 1, inability to read while threatened
a: Renounce Religion


You were on level 4 of the Dungeon.
You worshipped Xom.
You were a very special plaything of Xom.
You visited 1 branch of the dungeon, and saw 4 of its levels.

You collected 245 gold pieces.

Inventory:

Hand Weapons
 a - a +0 falchion of chaos (weapon)
Armour
 d - a +0 cloak (worn)
 g - a +0 scale mail (worn)
 n - a +0 hat (worn)
Jewellery
 f - a ring of flight (right hand)
 h - an amulet of regeneration
 l - a ring of willpower (left hand)
 o - a ring of see invisible
Scrolls
 b - 3 scrolls of vulnerability {unknown}
 i - 2 scrolls of fear {unknown}
 j - a scroll of poison {unknown}
 k - a scroll of teleportation {unknown}
 m - 2 scrolls of magic mapping {unknown}
 p - a scroll of silence {unknown}
Potions
 e - a potion of flight
 q - a potion of curing
Miscellaneous
 c - a piece from Xom's chessboard (12/15) (quivered)


   Skills:
 + Level 4.7 Fighting
 + Level 4.3 Long Blades
 + Level 3.6 Armour
 + Level 3.3 Dodging


You had 6 spell levels left.
You didn't know any spells.
Your spell library contained the following spells:

 Spells                   Type           Power      Damage    Failure   Level
 Summon Small Mammal      Summ           0%         N/A       86%         1
 Sublimation of Blood     Necr           0%         N/A       94%         2
 Wereblood                Tmut           0%         N/A       94%         2
 Call Canine Familiar     Summ           0%         N/A       99%         3
 Summon Guardian Golem    Hex/Summ       0%         N/A       99%         3
 Summon Hydra             Summ           0%         N/A       100%        7


Dungeon Overview and Level Annotations

Branches:
Dungeon (4/15)
 Temple: D:4-7

Altars:

Shops:
D:4 !


Innate Abilities, Weirdness & Mutations

You have large cloven feet.
You sometimes gain a little power by taking damage.
You are partially covered in sharp spines.
You are clumsy. (Dex -2)
Armour fits poorly on your strangely shaped body.
Your body sometimes deteriorates upon taking damage.
You are dopey. (Int -2)
You are frail. (-10% HP)
You are strong-willed. (Will+)
You sometimes lose the ability to read scrolls when taking damage.


Message History

The black bear resists with some effort.
The iguana closely misses you.
You make a move on Xom's chessboard...
The jelly resists with significant effort.
The jelly is struck by your spines. The jelly hits you but does no damage.
The black bear is struck by your spines.
The black bear barely misses you. x2; The black bear claws you.
The iguana is struck by your spines. The iguana barely misses you.
The necrophage hits you but does no damage.
You barely miss the black bear.
You kick the black bear, but do no damage.
The black bear is moderately wounded.
The jelly closely misses you. The black bear bites you.
You feel threatened and lose the ability to read scrolls!
The black bear claws you. x2; The iguana closely misses you.
The necrophage is struck by your spines.
The necrophage barely misses you.
You slash the jelly! You freeze the jelly. The acid corrodes you!
Your hands burn!
You kick the jelly.
The jelly is severely wounded.
The jelly is struck by your spines. The jelly hits you. The acid corrodes you!
You are splashed with acid!
The black bear is struck by your spines.
The black bear bites you!
* * * LOW HITPOINT WARNING * * *
The black bear claws you.
* * * LOW HITPOINT WARNING * * *
The black bear claws you but does no damage.
The iguana closely misses you.
The necrophage is struck by your spines.
The necrophage hits you.
* * * LOW HITPOINT WARNING * * *
You feel drained.
You barely miss the black bear. Your punch misses the black bear.
The black bear is moderately wounded.
The jelly is struck by your spines.
You kill the jelly!
The jelly disappears in a puff of smoke!
The black bear bites you!
You die...

#.### ### #....#.# #
#...# #..
##⌠.....#.#
#.#.###.#
#......(#.#
#.>.....# #...>.⌠...
##.#..... #...)....#
#.####.# #⌠....#.#
#.# #.. .####..l#..#
#.# ##.
.!....n@§.#### #.#
## #####..h.....#
#.# # #...####.# #.#
# #...# #. #.# #...#
#. #.# #...# ..# #.#
#...### #.# #.# ###
#.....###.###.# #..
####...#...##.####.#


You could see a black bear (summoned), a necrophage (summoned) and an iguana
(summoned).

Vanquished Creatures
  2 scorpions (D:4)
  A hound (D:4)
  A bullfrog skeleton (D:4)
  2 iguanas (D:4)
  2 scorpion zombies (D:4)
  2 hound zombies (D:4)
  A hound skeleton (D:4)
  A howler monkey skeleton (D:4)
  5 adders
  An adder zombie (D:4)
  2 adder skeletons (D:4)
  4 worms
  A dart slug (D:1)
  3 orcs (D:3)
  6 ball pythons
  7 bats
  7 endoplasms
  4 giant cockroaches
  10 goblins
  9 hobgoblins
  6 jackals
  4 kobolds
  4 quokkas
  6 frilled lizards
  6 rats
97 creatures vanquished.

Vanquished Creatures (collateral kills)
  An orc priest (D:3)
  An orc (D:3)
2 creatures vanquished.

Vanquished Creatures (others)
  4 withered plants (D:4)
4 creatures vanquished.

Grand Total: 103 creatures vanquished

Notes
Turn   | Place    | Note
-------+----------+-------------------------------------------
     0 | D:1      | nrs142 the Demonspawn Chaos Knight began the quest for the
                  | Orb.
     0 | D:1      | Reached XP level 1. HP: 18/18 MP: 1/1
     6 | D:1      | XOM: silly message
    22 | D:1      | Reached skill level 1 in Dodging
    93 | D:1      | XOM: divination: magic mapping
   190 | D:1      | Gained mutation: You are partially covered in sharp spines.
                  | [demonic ancestry]
   190 | D:1      | Reached XP level 2. HP: 12/24 MP: 2/2
   261 | D:1      | XOM: silly message
   401 | D:1      | XOM: give mutation
   401 | D:1      | Gained mutation: You sometimes lose the ability to read
                  | scrolls when taking damage. [Xom's mischief]
   980 | D:1      | XOM: give mutations
   980 | D:1      | Gained mutation: Armour fits poorly on your strangely
                  | shaped body. [Xom's mischief]
   980 | D:1      | Gained mutation: You are frail. (-10% HP) [Xom's mischief]
   980 | D:1      | Gained mutation: You occasionally shout uncontrollably at
                  | your foes. [Xom's mischief]
   980 | D:1      | Gained mutation: Your body sometimes deteriorates upon
                  | taking damage. [Xom's mischief]
  1067 | D:1      | XOM: smoke on damage
  1074 | D:1      | Reached XP level 3. HP: 18/26 MP: 3/3
  2073 | D:2      | XOM: torment (14/26 hp)
  2326 | D:2      | XOM: give mutations
  2326 | D:2      | Gained mutation: You are clumsy. (Dex -2) [Xom's mischief]
  2326 | D:2      | Gained mutation: You are dopey. (Int -2) [Xom's mischief]
  2598 | D:3      | Found a faded altar of an unknown god.
  2612 | D:3      | XOM: summons friendly white imp
  2618 | D:3      | Gained mutation: You sometimes gain a little power by
                  | taking damage. [demonic ancestry]
  2618 | D:3      | Reached XP level 4. HP: 31/32 MP: 4/4
  2892 | D:3      | XOM: silly message
  3290 | D:3      | XOM: 1-stop teleportation journey
  3350 | D:3      | Gained mutation: You have large cloven feet. [demonic
                  | ancestry]
  3350 | D:3      | Reached XP level 5. HP: 37/37 MP: 5/5
  3500 | D:3      | XOM: give mutations
  3500 | D:3      | Gained mutation: You possess an exceptional clarity of
                  | mind. [Xom's mischief]
  3500 | D:3      | Lost mutation: You possess an exceptional clarity of mind.
                  | [Xom's mischief]
  3500 | D:3      | Lost mutation: You occasionally shout uncontrollably at
                  | your foes. [Xom's mischief]
  3500 | D:3      | Gained mutation: You are strong-willed. (Will+) [Xom's
                  | mischief]
  3686 | D:4      | XOM: silly message
  3801 | D:4      | XOM: divination: detect items
  3966 | D:4      | Found Pefa's Distillery.
  4127 | D:4      | Reached XP level 6. HP: 22/43 MP: 6/6
  4321 | D:4      | XOM: 2-stop teleportation journey
  4653 | D:4      | XOM: stat loss: -1 Str (13/14)
  4759 | D:4      | XOM: stat loss: -1 Int (10/11)
  4985 | D:4      | Reached XP level 7. HP: 37/49 MP: 7/7
  5023 | D:4      | XOM: summons 4 hostile shadow creatures
  5028 | D:4      | Slain by a black bear

Illustrated notes

Levels and vault maps discovered:
D:1:      dpeg_arrival_arbitrary_b, layout_basic
D:2:      layout_loops_corners
D:3:      minmay_chambers_of_threes, layout_basic,
          hellmonk_ecumenical_altar_crossroads
D:4:      layout_rooms, serial_shops, kennysheep_mini_moat, serial_undead,
          serial_undead_f, serial_undead_f, serial_undead_e, serial_undead_c,
          serial_undead_a, serial_undead_b, serial_undead_d,
          nrook_loot_triangle, grunt_ministairs_1, chequers_serial_rivers_marsh

Skill      XL: |  1  2  3  4  5  6 |
---------------+-------------------+-----
Dodging        | 1 2 3 |  3.3
Armour         | 2 3 |  3.6
Long Blades    | 3 4 |  4.3
Fighting       | 4 |  4.7

Action                   |  1- 3 |  4- 6 |  7- 9 || total
-------------------------+-------+-------+-------++-------
Melee: Falchion          |    76 |   124 |     3 ||   203
       Punch             |     1 |     2 |       ||     3
       Kick              |       |    24 |     2 ||    26
Evoke: Piece from Xom's  |     1 |     9 |     2 ||    12
  Use: Potion            |     4 |       |       ||     4
 Stab: Paralysed         |       |     1 |       ||     1
Armor: Leather armour    |    30 |       |       ||    30
       Scale mail        |    12 |    56 |     3 ||    71
Dodge: Dodged            |    49 |    63 |     8 ||   120

Table legend: (Time is in decaauts)
 A = Elapsed time spent in this place.
 B = Non-inter-level travel time spent in this place.
 C = Inter-level travel time spent in this place.
 D = Time resting spent in this place.
 E = Time spent auto-exploring this place.
 F = Levels seen in this place.
 G = Mean time per level.
                   A        B        C        D        E       F      G
               +--------+--------+--------+--------+--------+-----+--------+
         Total |   5038 |   4987 |     51 |   1061 |   3321 |   4 | 1259.5 |
       Dungeon |   5038 |   4987 |     51 |   1061 |   3321 |   4 | 1259.5 |
               +--------+--------+--------+--------+--------+-----+--------+

Top non-repeatable levels by time:
     D:4: 1411 daAuts
     D:1: 1340 daAuts
     D:2: 1191 daAuts
     D:3: 1094 daAuts
